 Dungeon Crawl Stone Soup version 0.30-a0-358-g0d69a1922f (webtiles) character file.

Game seed: 13577542491587177539

9 Manisia the Grave Robber (level 2, 12/15 HPs)
             Began as a Deep Elf Necromancer on Nov 11, 2022.
             Quit the game on level 1 of the Dungeon.
             The game lasted 00:00:37 (111 turns).

Manisia the Grave Robber (Deep Elf Necromancer)      Turns: 111, Time: 00:00:37

Health: 12/15      AC:  2    Str:  5    XL:     2   Next: 6%
Magic:  0/8        EV: 12    Int: 19    God:
Gold:   0          SH:  0    Dex: 15    Spells: 6/7 levels left

rFire   . . .      SeeInvis .    (no weapon)
rCold   . . .      Faith    .    (no shield)
rNeg    . . .      Spirit   .    a - +0 robe
rPois   .          Reflect  .    (no helmet)
rElec   .          Harm     .    (no cloak)
rCorr   .          Rampage  .    (no gloves)
Will    .....                    (no boots)
Stlth   ++........               (no amulet)
HPRegen 0.22/turn                (no ring)
MPRegen 0.11/turn                (no ring)

@: no status effects
A: no striking features
a: no special abilities


You were on level 1 of the Dungeon.
You visited 1 branch of the dungeon, and saw 1 of its levels.

Inventory:

Armour
 a - a +0 robe (worn)
Potions
 b - a potion of magic


   Skills:
 + Level 2.5 Dodging
 + Level 2.5 Stealth
 + Level 3.1 Spellcasting
 + Level 5.2 Necromancy


You had 6 spell levels left.
You knew the following spells:

 Your Spells              Type           Power      Damage    Failure   Level
a - Necrotise             Necr           92%        1d8       1%          1

Your spell library contained the following spells:

 Spells                   Type           Power      Damage    Failure   Level
 Vampiric Draining        Necr           23%        2d7       4%          3
 Animate Dead             Necr           23%        N/A       17%         4
 Agony                    Necr           23%        N/A       43%         5


Dungeon Overview and Level Annotations

Branches:
Dungeon (1/15)

Altars:


Message History

The quokka writhes in agony.
Your bat skeleton hits the goblin.
Your bat skeleton barely misses the goblin.
The quokka bites you but does no damage.
Your goblin skeleton hits the goblin.
The goblin hits your goblin skeleton with a +0 dagger.
Your goblin skeleton is destroyed!
Casting: Necrotise (safe; 1% risk of failure)
Confirm with . or Enter, or press ? or * to list all spells.
Aiming: Necrotise (safe; 1% risk of failure)
Press: ? - help, Shift-Dir - straight line, f/p - quokka
Aim: a quokka (severely wounded, ally target, chance to affect: 91%)
The quokka barely resists.
Your bat skeleton closely misses the quokka.
Your bat skeleton barely misses the quokka.
The quokka closely misses you.
The goblin completely misses your bat skeleton.
Casting: Necrotise (safe; 1% risk of failure)
Confirm with . or Enter, or press ? or * to list all spells.
You don't have enough magic to cast this spell.
Unknown command.
You hit the quokka but do no damage.
The quokka is severely wounded.
Your bat skeleton closely misses the quokka.
Your bat skeleton misses the quokka.
The quokka barely misses you.
Your bat skeleton hits the quokka but does no damage.
The goblin barely misses your bat skeleton.
You hit the quokka.
The quokka is almost dead.
Your bat skeleton hits the quokka but does no damage.
Your bat skeleton misses the quokka.
The quokka closely misses you.
Your bat skeleton hits the quokka.
The quokka dies!
You have reached level 2!
You hit the goblin.
You kill the goblin!
No target in view!
No target in view!
Welcome back, Manisia the Deep Elf Necromancer.
Press ? for a list of commands and other information.
Are you sure you want to abandon this character and quit the game? (Confirm with "yes".)

.. #.... ###.....####
##..Z.. ...# ......g
##.############## ..)..
#...............# #...
#..############.# #...###..#
#.# #....Z@..# #.#
#....##..# #.# ###..##..#
#.# #..##..# ####.# ..#
#..##..# #....# #.# #..#...#
#.#### #.#
.......#########.#### #
#.#####..#................#
#.
##...............######.##.#


You could see a friendly bat skeleton.

Vanquished Creatures
  A bat (D:1)
  2 giant cockroaches (D:1)
  3 goblins (D:1)
6 creatures vanquished.

Vanquished Creatures (collateral kills)
  A quokka (D:1)
1 creature vanquished.

Grand Total: 7 creatures vanquished

Notes
Turn   | Place    | Note
-------+----------+-------------------------------------------
     0 | D:1      | Manisia the Deep Elf Necromancer began the quest for the
                  | Orb.
     0 | D:1      | Reached XP level 1. HP: 10/10 MP: 6/6
    88 | D:1      | Reached skill level 5 in Necromancy
   110 | D:1      | Reached XP level 2. HP: 12/15 MP: 0/8
   111 | D:1      | Quit the game

Illustrated notes

Levels and vault maps discovered:
D:1:      dpeg_arrival_orchard, layout_loops_ring

Skill      XL: |  1 |
---------------+----+-----
Necromancy     | 5 |  5.2
Dodging        | |  2.5
Stealth        | |  2.5
Spellcasting   | |  3.1

Action                   || total
-------------------------++-------
Melee: Unarmed           ||    12
 Cast: Necrotise         ||    10
Armor: Robe              ||     5
Dodge: Dodged            ||    11

Table legend: (Time is in decaauts)
 A = Elapsed time spent in this place.
 B = Non-inter-level travel time spent in this place.
 C = Inter-level travel time spent in this place.
 D = Time resting spent in this place.
 E = Time spent auto-exploring this place.
 F = Levels seen in this place.
 G = Mean time per level.
                   A        B        C        D        E       F      G
               +--------+--------+--------+--------+--------+-----+--------+
         Total |    111 |    111 |      0 |      0 |     78 |   1 |  111.0 |
       Dungeon |    111 |    111 |      0 |      0 |     78 |   1 |  111.0 |
               +--------+--------+--------+--------+--------+-----+--------+

Top non-repeatable levels by time:
     D:1: 111 daAuts
